TOP OF THE 1ST |
Harrisburg Senators batting - Pitching for Tennessee Smokies : LHP Colin Scott
|
Pitching: LHP Colin Scott
|
|
Batting: RHB Pat Drader
|
0-0: Ball 1-0: Fly out, F9 (Flyball, 9D, EV 76.9 MPH)
|
Batting: RHB Kevin Whitenack
|
0-0: Called Strike 0-1: Swinging Strike 0-2: Strikes out swinging
|
Batting: RHB Slavik Nebrodov
|
0-0: Ball 1-0: Ball 2-0: Ball 3-0: Called Strike 3-1: Ground out 6-3 (Groundball, 56, EV 83.8 MPH)
|
Top of the 1st over - 0 runs, 0 hits, 0 errors, 0 left on base; Harrisburg 0 - Tennessee 0 |
BOTTOM OF THE 1ST |
Tennessee Smokies batting - Pitching for Harrisburg Senators : LHP Manny Ruiz
|
Pitching: LHP Manny Ruiz
|
|
Batting: RHB Heef Harted
|
0-0: SINGLE (Line Drive, 3D, EV 95.0 MPH)
|
Batting: RHB Ryan Walker
|
0-0: Ball 1-0: Called Strike 1-1: Foul Ball, location: 2F 1-2: Strikes out looking
|
Batting: RHB Bobby Gray
|
0-0: Hit by Pitch Heef Harted to second
|
Batting: RHB Heitaro Tanaka
|
0-0: Ball 1-0: Foul Ball, location: 2F 1-1: Ball Balk! Heef Harted to third Bobby Gray to second 2-1: Foul Ball, location: 2F 2-2: DOUBLE (Line Drive, 9LM, EV 87.5 MPH) Heef Harted scores Bobby Gray scores
|
Batting: RHB Leonardo Nava
|
0-0: Swinging Strike 0-1: Foul Ball, location: 2F 0-2: Strikes out swinging
|
Batting: RHB Dylan Burke
|
0-0: Foul Ball, location: 2F 0-1: Ball 1-1: Swinging Strike 1-2: Foul Ball, location: 2F 1-2: Strikes out swinging
|
Bottom of the 1st over - 2 runs, 2 hits, 0 errors, 1 left on base; Harrisburg 0 - Tennessee 2 |
TOP OF THE 2ND |
Harrisburg Senators batting - Pitching for Tennessee Smokies : LHP Colin Scott
|
Batting: LHB Kyung-jin Cho
|
0-0: Ball 1-0: Called Strike 1-1: Foul Ball, location: 2F 1-2: Strikes out looking
|
Batting: RHB Donovan Auclair
|
0-0: Ball 1-0: Foul Ball, location: 2F 1-1: Ball 2-1: Called Strike 2-2: Ball 3-2: Strikes out swinging
|
Batting: LHB Evan Oliveri
|
0-0: Foul Ball, location: 2F 0-1: Foul Ball, location: 2F 0-2: Ball 1-2: Foul Ball, location: 2F 1-2: Hit by Pitch
|
Batting: SHB Alex Ethridge
|
0-0: Called Strike 0-1: Foul Ball, location: 2F 0-2: Strikes out looking
|
Top of the 2nd over - 0 runs, 0 hits, 0 errors, 1 left on base; Harrisburg 0 - Tennessee 2 |
BOTTOM OF THE 2ND |
Tennessee Smokies batting - Pitching for Harrisburg Senators : LHP Manny Ruiz
|
Batting: LHB Mark Ingram
|
0-0: Ball 1-0: Foul Ball, location: 2F 1-1: Swinging Strike 1-2: Foul Ball, location: 2F 1-2: Ball 2-2: Strikes out swinging
|
Batting: RHB Armando Vilano
|
0-0: Called Strike 0-1: Foul Ball, location: 2F 0-2: Foul Ball, location: 2F 0-2: Strikes out swinging
|
Batting: RHB Khalil Stephens
|
0-0: Ball 1-0: Called Strike 1-1: Swinging Strike 1-2: Ball 2-2: Strikes out swinging
|
Bottom of the 2nd over - 0 runs, 0 hits, 0 errors, 0 left on base; Harrisburg 0 - Tennessee 2 |
TOP OF THE 3RD |
Harrisburg Senators batting - Pitching for Tennessee Smokies : LHP Colin Scott
|
Batting: LHB Shinji Adachi
|
0-0: Called Strike 0-1: Ball 1-1: Ball 2-1: Called Strike 2-2: DOUBLE (Line Drive, 9LM, EV 106.2 MPH)
|
Batting: RHB Josh Lykins
|
0-0: Ball 1-0: Foul Ball, location: 2F 1-1: Ball 2-1: Called Strike 2-2: Ball 3-2: Foul Ball, location: 2F 3-2: Strikes out swinging
|
Batting: RHB Pat Drader
|
0-0: Swinging Strike 0-1: Ball 1-1: Ball 2-1: Called Strike 2-2: Strikes out swinging
|
Batting: RHB Kevin Whitenack
|
0-0: Called Strike 0-1: Called Strike 0-2: Ball 1-2: Strikes out swinging
|
Top of the 3rd over - 0 runs, 1 hit, 0 errors, 1 left on base; Harrisburg 0 - Tennessee 2 |
BOTTOM OF THE 3RD |
Tennessee Smokies batting - Pitching for Harrisburg Senators : LHP Manny Ruiz
|
Batting: RHB Heef Harted
|
0-0: Foul Ball, location: 2F 0-1: Swinging Strike 0-2: Foul Ball, location: 2F 0-2: Ball 1-2: Foul Ball, location: 2F 1-2: Ball 2-2: Strikes out swinging
|
Batting: RHB Ryan Walker
|
0-0: Ball 1-0: Ground out 6-3 (Groundball, 6, EV 84.4 MPH)
|
Batting: RHB Bobby Gray
|
0-0: Foul Ball, location: 2F 0-1: Fly out, F8 (Line Drive, 8RD, EV 93.8 MPH)
|
Bottom of the 3rd over - 0 runs, 0 hits, 0 errors, 0 left on base; Harrisburg 0 - Tennessee 2 |
TOP OF THE 4TH |
Harrisburg Senators batting - Pitching for Tennessee Smokies : LHP Colin Scott
|
Batting: RHB Slavik Nebrodov
|
0-0: Ball 1-0: Called Strike 1-1: Ground out 5-3 (Groundball, 56, EV 100.0 MPH)
|
Batting: LHB Kyung-jin Cho
|
0-0: Ball 1-0: Foul Ball, location: 2F 1-1: Swinging Strike 1-2: Ball 2-2: Ball 3-2: Strikes out swinging
|
Batting: RHB Donovan Auclair
|
0-0: Ball 1-0: Foul Ball, location: 2F 1-1: Ground out 5-3 (Groundball, 56, EV 88.8 MPH)
|
Top of the 4th over - 0 runs, 0 hits, 0 errors, 0 left on base; Harrisburg 0 - Tennessee 2 |
BOTTOM OF THE 4TH |
Tennessee Smokies batting - Pitching for Harrisburg Senators : LHP Manny Ruiz
|
Batting: RHB Heitaro Tanaka
|
0-0: SINGLE (Groundball, 56S, EV 63.8 MPH) (infield hit)
|
Batting: RHB Leonardo Nava
|
0-0: Ball 1-0: Foul Ball, location: 2F 1-1: Ball 2-1: Swinging Strike 2-2: Ball 3-2: Strikes out swinging
|
Batting: RHB Dylan Burke
|
0-0: SINGLE (Groundball, 56D, EV 95.6 MPH) Heitaro Tanaka to second Heitaro Tanaka to third
|
Batting: LHB Mark Ingram
|
0-0: Foul Ball, location: 2F 0-1: Called Strike 0-2: Ball 1-2: Ball 2-2: Strikes out looking
|
Batting: RHB Armando Vilano
|
0-0: Ball 1-0: SINGLE (Groundball, 6MD, EV 99.4 MPH) Heitaro Tanaka scores Dylan Burke to second Runner from 2nd tries for 3rd, SAFE, throw by CF made at trailing runner, OUT! 8-4
|
Bottom of the 4th over - 1 run, 3 hits, 0 errors, 1 left on base; Harrisburg 0 - Tennessee 3 |
TOP OF THE 5TH |
Harrisburg Senators batting - Pitching for Tennessee Smokies : LHP Colin Scott
|
Batting: LHB Evan Oliveri
|
0-0: Ball 1-0: Called Strike 1-1: Foul Ball, location: 2F 1-2: Strikes out swinging
|
Batting: SHB Alex Ethridge
|
0-0: Ball 1-0: Ball 2-0: Called Strike 2-1: Called Strike 2-2: Foul Ball, location: 2F 2-2: Strikes out looking
|
Batting: LHB Shinji Adachi
|
0-0: Ball 1-0: Ball 2-0: Ball 3-0: Called Strike 3-1: Base on Balls
|
Batting: RHB Josh Lykins
|
0-0: Ground out 4-3 (Groundball, 34, EV 83.1 MPH)
|
Top of the 5th over - 0 runs, 0 hits, 0 errors, 1 left on base; Harrisburg 0 - Tennessee 3 |
BOTTOM OF THE 5TH |
Tennessee Smokies batting - Pitching for Harrisburg Senators : LHP Manny Ruiz
|
Batting: RHB Khalil Stephens
|
0-0: Ball 1-0: Called Strike 1-1: Foul Ball, location: 2F 1-2: Foul Ball, location: 2F 1-2: Ground out 5-3 (Groundball, 5L, EV 82.5 MPH)
|
Batting: RHB Heef Harted
|
0-0: Ball 1-0: Ground out 5-3 (Groundball, 5S, EV 72.5 MPH)
|
Batting: RHB Ryan Walker
|
0-0: Called Strike 0-1: Foul Ball, location: 2F 0-2: Foul Ball, location: 2F 0-2: Ball 1-2: Ball 2-2: Reached via error on a dropped throw from 1B, E1 (Groundball, 34S, EV 90.0 MPH)
|
Batting: RHB Bobby Gray
|
0-0: Fielders Choice at 2nd, 5-4 (Groundball, 56, EV 85.6 MPH)
|
Bottom of the 5th over - 0 runs, 0 hits, 1 error, 1 left on base; Harrisburg 0 - Tennessee 3 |
TOP OF THE 6TH |
Harrisburg Senators batting - Pitching for Tennessee Smokies : LHP Colin Scott
|
Pitching: RHP Jean-Paul Lefebvre
|
|
Batting: RHB Pat Drader
|
0-0: Swinging Strike 0-1: Foul Ball, location: 2F 0-2: Ball 1-2: Fly out, F9 (Flyball, 9S, EV 81.2 MPH)
|
Batting: RHB Kevin Whitenack
|
0-0: Ball 1-0: Foul Ball, location: 2F 1-1: Foul Ball, location: 2F 1-2: Strikes out swinging
|
Batting: RHB Slavik Nebrodov
|
0-0: Foul Ball, location: 2F 0-1: Called Strike 0-2: Strikes out swinging
|
Top of the 6th over - 0 runs, 0 hits, 0 errors, 0 left on base; Harrisburg 0 - Tennessee 3 |
BOTTOM OF THE 6TH |
Tennessee Smokies batting - Pitching for Harrisburg Senators : LHP Manny Ruiz
|
Batting: RHB Heitaro Tanaka
|
0-0: Ball 1-0: Called Strike 1-1: Swinging Strike 1-2: Strikes out swinging
|
Batting: RHB Leonardo Nava
|
0-0: Swinging Strike 0-1: Swinging Strike 0-2: Strikes out swinging
|
Batting: RHB Dylan Burke
|
0-0: Ball 1-0: Hit by Pitch
|
Batting: LHB Mark Ingram
|
0-0: Called Strike 0-1: Ball 1-1: Swinging Strike 1-2: Ball 2-2: Ball 3-2: Strikes out looking
|
Bottom of the 6th over - 0 runs, 0 hits, 0 errors, 1 left on base; Harrisburg 0 - Tennessee 3 |
TOP OF THE 7TH |
Harrisburg Senators batting - Pitching for Tennessee Smokies : RHP Jean-Paul Lefebvre
|
Pitching: RHP Bob Gilliam
|
|
Batting: LHB Kyung-jin Cho
|
0-0: Ball 1-0: Called Strike 1-1: Swinging Strike 1-2: Strikes out swinging, 2-3 out at first.
|
Batting: RHB Donovan Auclair
|
0-0: Called Strike 0-1: Called Strike 0-2: Ball 1-2: Ball 2-2: Strikes out swinging
|
Batting: LHB Evan Oliveri
|
0-0: SINGLE (Line Drive, 4D, EV 103.1 MPH)
|
Batting: SHB Alex Ethridge
|
0-0: Ball 1-0: Called Strike 1-1: Ball 2-1: Swinging Strike 2-2: Ball 3-2: Strikes out looking
|
Top of the 7th over - 0 runs, 1 hit, 0 errors, 1 left on base; Harrisburg 0 - Tennessee 3 |
BOTTOM OF THE 7TH |
Tennessee Smokies batting - Pitching for Harrisburg Senators : LHP Manny Ruiz
|
Batting: RHB Armando Vilano
|
0-0: Fly out, F9 (Flyball, 9LD, EV 100.6 MPH)
|
Pitching: RHP Gilberto Ricalde
|
|
Batting: RHB Khalil Stephens
|
0-0: Foul Ball, location: 2F 0-1: Foul Ball, location: 2F 0-2: Ball 1-2: Foul Ball, location: 2F 1-2: Ball 2-2: Ball 3-2: Foul Ball, location: 2F 3-2: Foul Ball, location: 2F 3-2: Strikes out swinging
|
Batting: RHB Heef Harted
|
0-0: Called Strike 0-1: Foul Ball, location: 2F 0-2: SINGLE (Line Drive, 8RS, EV 96.9 MPH)
|
Batting: RHB Ryan Walker
|
0-0: Called Strike 0-1: Swinging Strike 0-2: Foul Ball, location: 2F 0-2: Ball 1-2: SINGLE (Groundball, 4, EV 94.4 MPH) Heef Harted to second Runner from 2nd tries for 3rd, SAFE, throw by CF made to third
|
Batting: RHB Bobby Gray
|
0-0: Ball 1-0: Called Strike 1-1: Foul Ball, location: 2F 1-2: Ball 2-2: SINGLE (Line Drive, 89S, EV 100.6 MPH) Heef Harted scores Ryan Walker to second Runner from 2nd tries for 3rd, SAFE, throw by CF made to third
|
Batting: RHB Heitaro Tanaka
|
0-0: Ball 1-0: SINGLE (Line Drive, 5D, EV 96.9 MPH) Ryan Walker scores Bobby Gray to second
|
Pitching: RHP Salvador Medina
|
|
Batting: RHB Leonardo Nava
|
0-0: Called Strike 0-1: Called Strike 0-2: DOUBLE (Line Drive, 5D, EV 93.8 MPH) Bobby Gray scores Heitaro Tanaka to third Runner from 3rd tries for Home, SAFE, throw by LF to trailing runner, SAFE at third!
|
Batting: RHB Dylan Burke
|
0-0: Foul Ball, location: 2F 0-1: Ball 1-1: Ball 2-1: Foul Ball, location: 2F 2-2: Ball 3-2: Ground out 6-3 (Groundball, 56, EV 80.6 MPH)
|
Bottom of the 7th over - 4 runs, 5 hits, 0 errors, 1 left on base; Harrisburg 0 - Tennessee 7 |
TOP OF THE 8TH |
Harrisburg Senators batting - Pitching for Tennessee Smokies : RHP Bob Gilliam
|
Batting: LHB Shinji Adachi
|
0-0: Ball 1-0: Foul Ball, location: 2F 1-1: Foul Ball, location: 2F 1-2: Ball 2-2: Ground out 4-3 (Groundball, 4, EV 83.1 MPH)
|
Batting: RHB Josh Lykins
|
0-0: Ball 1-0: Foul Ball, location: 2F 1-1: Foul Ball, location: 2F 1-2: Strikes out swinging
|
Batting: RHB Pat Drader
|
0-0: Ball 1-0: Ball 2-0: Ball 3-0: Called Strike 3-1: Ground out U3 (Groundball, 34, EV 82.5 MPH)
|
Top of the 8th over - 0 runs, 0 hits, 0 errors, 0 left on base; Harrisburg 0 - Tennessee 7 |
BOTTOM OF THE 8TH |
Tennessee Smokies batting - Pitching for Harrisburg Senators : RHP Salvador Medina
|
Batting: LHB Mark Ingram
|
0-0: Ball 1-0: Foul Ball, location: 2F 1-1: Swinging Strike 1-2: SINGLE (Groundball, 4D, EV 94.4 MPH)
|
Batting: RHB Armando Vilano
|
0-0: SINGLE (Groundball, 6, EV 98.1 MPH) Mark Ingram to second
|
Batting: RHB Khalil Stephens
|
0-0: Fielders Choice at 2nd, 6-4 (Groundball, 6MS, EV 85.0 MPH) Mark Ingram to third
|
Batting: RHB Heef Harted
|
0-0: Foul Ball, location: 2F 0-1: Called Strike 0-2: Ball 1-2: Ball 2-2: Ball Wild Pitch! Mark Ingram scores Khalil Stephens to second 3-2: Base on Balls
|
Pitching: RHP Jonathan Arce
|
|
Batting: RHB Ryan Walker
|
0-0: Ball 1-0: Ball 2-0: Ball 3-0: Base on Balls Khalil Stephens to third Heef Harted to second
|
Pitching: RHP Chris Close
|
|
Batting: RHB Bobby Gray
|
0-0: Called Strike 0-1: Foul Ball, location: 2F 0-2: Foul Ball, location: 2F 0-2: Foul Ball, location: 2F 0-2: Ball 1-2: Ball 2-2: Foul Ball, location: 2F 2-2: Ball 3-2: SINGLE (Groundball, 56D, EV 97.5 MPH) Khalil Stephens scores Heef Harted to third Ryan Walker to second Runner from 3rd tries for Home, SAFE, throw by LF to home
|
Batting: RHB Heitaro Tanaka
|
0-0: Ball 1-0: Called Strike 1-1: Ball 2-1: Foul Ball, location: 2F 2-2: Foul Ball, location: 2F 2-2: Strikes out looking
|
Batting: RHB Leonardo Nava
|
0-0: Ball 1-0: Foul Ball, location: 2F 1-1: SINGLE (Flyball, 8RS, EV 96.9 MPH) Ryan Walker to third Bobby Gray to second
|
Batting: RHB Dylan Burke
|
0-0: Called Strike 0-1: Ball 1-1: Called Strike 1-2: Fly out, F9 (Flyball, 89M, EV 88.1 MPH)
|
Bottom of the 8th over - 3 runs, 4 hits, 0 errors, 3 left on base; Harrisburg 0 - Tennessee 10 |
TOP OF THE 9TH |
Harrisburg Senators batting - Pitching for Tennessee Smokies : RHP Bob Gilliam
|
Batting: RHB Kevin Whitenack
|
0-0: Called Strike 0-1: Ball 1-1: Ball 2-1: Ball 3-1: Base on Balls
|
Pitching: RHP Ryohei Uda
|
|
Batting: RHB Slavik Nebrodov
|
0-0: Ball 1-0: Foul Ball, location: 2F 1-1: Ball 2-1: Grounds into double play, 4-6-3 (Groundball, 4M, EV 93.1 MPH)
|
Batting: LHB Kyung-jin Cho
|
0-0: Foul Ball, location: 2F 0-1: Ball 1-1: Ball 2-1: Ball 3-1: Called Strike 3-2: Strikes out looking
|
Top of the 9th over - 0 runs, 0 hits, 0 errors, 0 left on base; Harrisburg 0 - Tennessee 10 |
|